 Dungeon Crawl Stone Soup version 0.16-a0-347-ge97bf62 (webtiles) character file.

288 PolkaDot the Caller (level 6, -11/41 HPs)
             Began as a Vampire Summoner on Sept 10, 2014.
             Mangled by Prince Ribbit (15 damage)
             ... on Level 4 of the Dungeon.
             The game lasted 00:08:21 (2443 turns).

PolkaDot the Caller (Vampire Summoner)              Turns: 2443, Time: 00:08:21

HP -11/41        AC  6     Str  7      XL: 6   Next:  9%
MP   7/10        EV 17     Int 19      God:
Gold 102         SH  0     Dex 14      Spells:  3 memorised,  3 levels left

rFire  . . .     SeeInvis +     s - +0 spear (venom)
rCold  . . .     Clarity  +     w - +1 robe {rN+}
rNeg   + . .     rCorr    .     (no shield)
rPois  .         rRot     .     d - +1 helmet
rElec  .         Spirit   .     (no cloak)
SustAb .         Warding  .     m - +0 pair of gloves
rMut   .         Stasis   .     (no boots)
Gourm  .                        u - amulet of clarity
MR     .....                    (no ring)
                                t - +5 ring of evasion

@: regenerating quickly, not resistant to hostile enchantments, unstealthy
A: bottle blood, fangs 3, see invisible, unbreathing
a: Bottle Blood


You were on level 4 of the Dungeon.
You were very full.

You visited 1 branch of the dungeon, and saw 4 of its levels.

You collected 102 gold pieces.

Inventory:

Hand weapons
 s - a +0 spear of venom (weapon)
Armour
 d - a +1 helmet (worn)
 m - a +0 pair of gloves (worn)
 w - a +1 robe of positive energy (worn)
Scrolls
 i - 3 scrolls of remove curse
 k - a scroll of noise {unknown}
 n - 3 scrolls of teleportation {unknown}
 o - 2 scrolls of recharging {unknown}
 v - a scroll of enchant armour {unknown}
Jewellery
 c - an uncursed amulet of resist mutation
 r - an uncursed amulet of guardian spirit
 t - a +5 ring of evasion (left hand)
 u - an amulet of clarity (around neck)
Potions
 a - a potion of flight
 e - a potion of blood {@*1}
 g - 2 potions of agility
 h - a potion of might
 j - a potion of haste {unknown}
 p - a potion of resistance {unknown}
 q - a potion of brilliance {unknown}
Books
 b - a book of Callings

   Spells                             Type                      Level
   *Summon Small Mammal               Summoning                    1
   *Call Imp                          Summoning                    2
   *Call Canine Familiar              Summoning                    3
   Summon Guardian Golem              Hexes/Summoning              4
   Summon Lightning Spire             Summoning/Air                4
   Summon Ice Beast                   Ice/Summoning                4


   Skills:
 + Level 1.3 Polearms
 - Level 2.1 Dodging
 - Level 3.0 Stealth
 - Level 2.0 Spellcasting
 * Level 7.1 Summonings


You had 3 spell levels left.
You knew the following spells:

 Your Spells              Type           Power        Failure   Level  Hunger
a - Summon Small Mammal   Summ           ####         1%          1    #......
d - Call Canine Familiar  Summ           ####....     2%          3    ####...
s - Call Imp              Summ           ####....     1%          2    ##.....


Dungeon Overview and Level Annotations

Branches:
Dungeon (4/15)
 Temple: D:4-7

Altars:
Ashenzari
Gozag
Trog
Xom
Zin

Annotations:
D:4 Prince Ribbit


Innate Abilities, Weirdness & Mutations

Your natural rate of healing is unusually fast.
You can bottle blood from corpses.
You have razor-sharp teeth.
You have supernaturally acute eyesight.
You can survive without breathing.


Message History

Your hound misses the scorpion. You hit Prince Ribbit.
Prince Ribbit is poisoned.
Your bite misses Prince Ribbit.
Prince Ribbit is lightly wounded.
Prince Ribbit hits you.
* * * LOW HITPOINT WARNING * * *
Your hound bites the scorpion.
Prince Ribbit hits you.
* * * LOW HITPOINT WARNING * * *
Your hound bites the scorpion but does no damage.
You hit Prince Ribbit.
Prince Ribbit looks even sicker.
Prince Ribbit is moderately wounded.
Prince Ribbit hits you!
* * * LOW HITPOINT WARNING * * *
Your hound barely misses the scorpion.
Drink which item? (? for menu, Esc to quit)
You feel better.
Your hound bites the scorpion.
Prince Ribbit hits you!
* * * LOW HITPOINT WARNING * * *
Your hound completely misses the scorpion.
Prince Ribbit hits you!
You die...

#####.....[...........#
#.#######.#.##.#.##
..#####.##### #.#.##.#
.............# #.#.##.#
)..#.###.#######.#.##.#
................%.....#
...#.#.#.#.#######.##.#
#......h#.#######.##.#
###.#..sF@........##.#
#.#..##.##########.#
..... .... ...
##.#..##.### #.# #.#..
#.# #.# # #.. #.# #.#
... #.# # #.# #.#


You could see Prince Ribbit, a scorpion and a friendly hound.

Vanquished Creatures
  A giant frog (D:3)
  An orc wizard (D:4)
  A worker ant (D:4)
  Ijyb (D:3)
  6 adders
  2 giant mites (D:4)
  3 worms
  2 giant geckos
  4 orcs
  6 goblins
  5 hobgoblins
  3 kobolds (D:1)
  A quokka (D:3)
  6 bats
  3 giant cockroaches
  3 giant newts
  11 rats
  4 toadstools (D:1)
63 creatures vanquished.

Vanquished Creatures (collateral kills)
  An ooze (D:1)
  4 orcs
  A goblin (D:4)
  A hobgoblin (D:4)
  6 kobolds (D:1)
13 creatures vanquished.

Grand Total: 76 creatures vanquished

Notes
Turn   | Place    | Note
--------------------------------------------------------------
     0 | D:1      | PolkaDot, the Vampire Summoner, began the quest for the Orb.
     0 | D:1      | Reached XP level 1. HP: 13/13 MP: 3/3
   309 | D:1      | Reached XP level 2. HP: 16/19 MP: 2/4
   925 | D:1      | Learned a level 2 spell: Call Imp
   953 | D:2      | Reached skill level 5 in Summonings
   953 | D:2      | Reached XP level 3. HP: 24/24 MP: 6/6
   955 | D:2      | Found a bloodstained altar of Trog.
  1244 | D:2      | Reached XP level 4. HP: 30/30 MP: 7/7
  1506 | D:3      | Noticed a giant frog
  1516 | D:3      | Killed a giant frog
  1516 | D:3      | Reached skill level 6 in Summonings
  1516 | D:3      | Reached XP level 5. HP: 21/35 MP: 9/9
  1588 | D:3      | Noticed an angel
  1590 | D:3      | Found a shattered altar of Ashenzari.
  1591 | D:3      | Found a shimmering altar of Xom.
  1624 | D:3      | Found a glowing silver altar of Zin.
  1833 | D:3      | Learned a level 3 spell: Call Canine Familiar
  1949 | D:3      | Noticed Ijyb
  1964 | D:3      | Killed Ijyb
  2089 | D:3      | Found an opulent altar of Gozag.
  2243 | D:4      | Reached skill level 1 in Polearms
  2250 | D:4      | Reached skill level 7 in Summonings
  2253 | D:4      | Reached XP level 6. HP: 15/41 MP: 2/10
  2432 | D:4      | Noticed Prince Ribbit
  2443 | D:4      | Mangled by Prince Ribbit

Action                   |  1- 3 |  4- 6 || total
-------------------------+-------+-------++-------
Melee: Unarmed           |    41 |       ||    41
       Dagger            |    65 |    42 ||   107
       Short sword       |    15 |       ||    15
       Spear             |       |    45 ||    45
 Cast: Summon Small Mamm |     8 |       ||     8
       Call Imp          |       |     4 ||     4
       Call Canine Famil |       |     3 ||     3
 Abil: Bottle Blood      |       |     2 ||     2
  Use: Potion            |     1 |     4 ||     5
       Scroll            |       |     4 ||     4
 Stab: Sleeping          |     6 |     4 ||    10
  Eat: Corpse            |    12 |    12 ||    24
